 Dungeon Crawl Stone Soup version 0.20.1-1-g8b1a95d (webtiles) character file.

53 Jazqa the Skirmisher (level 3, 0/63 HPs)
             Began as an Ogre Berserker on Oct 28, 2017.
             Was a Believer of Trog.
             Slain by a gnoll (6 damage)
             ... on level 2 of the Dungeon.
             The game lasted 00:01:58 (903 turns).

Jazqa the Skirmisher (Ogre Berserker)                Turns: 903, Time: 00:01:58

Health: 0/63       AC:  3    Str: 27    XL:     3   Next: 87%
Magic:  3/3        EV:  8    Int:  8    God:    Trog [**....]
Gold:   98         SH:  0    Dex:  8    Spells: 2/2 levels left

rFire    . . .     SeeInvis .   a - +0 mace
rCold    . . .     Gourm    .   (no shield)
rNeg     . . .     Faith    +   b - +0 animal skin
rPois    .         Spirit   .   (helmet restricted)
rElec    .         Reflect  .   (no cloak)
rCorr    .         Harm     .   (gloves unavailable)
MR       .....                  (boots unavailable)
Stlth    ..........             H - amulet of faith (curse) {!P}
Regen    0.2/turn               n - -2 ring of evasion (curse)
MPRegen  0.1/turn               (no ring)

@: berserking, very quick
A: unfitting armour, tough skin 1
a: Berserk, Trog's Hand, Burn Spellbooks, Renounce Religion


You were on level 2 of the Dungeon.
You worshipped Trog.
Trog was pleased with you.
You were hungry.

You visited 1 branch of the dungeon, and saw 2 of its levels.

You collected 98 gold pieces.


Innate Abilities, Weirdness & Mutations

You are too large for most types of armour.
You have tough skin. (AC +1)


   Skills:
 + Level 5.2 Fighting
 + Level 3.5 Maces & Flails
 - Level 2.6 Dodging


You had 2 spell levels left.
You didn't know any spells.

Inventory:

Hand Weapons
 a - a +0 mace (weapon)
Armour
 b - a +0 animal skin (worn)
Jewellery
 d - a +3 amulet of reflection
 n - a cursed -2 ring of evasion (left hand)
 F - an uncursed ring of fire
 H - a cursed amulet of faith (around neck) {!P}
Scrolls
 k - a scroll of identify {@r1}
 o - 2 scrolls of enchant weapon {unknown}
Potions
 e - a potion of haste {unknown}
 g - a potion of magic
 i - a potion of heal wounds {unknown}
 l - a potion of brilliance {unknown}
 m - a potion of berserk rage {unknown}
 p - 2 potions of flight {unknown}
Comestibles
 c - 2 bread rations {@e1}
 f - 3 chunks of flesh
 h - 4 fruits {@e2}
 j - 2 meat rations {@e1}

Dungeon Overview and Level Annotations

Branches:
Dungeon (2/15)

Altars:

#.....(.# #.......
#.....%.## #
#...#..... .. #%.#
...# .. ##.# ..#
.. #.## ##.# .#
#gg#####..##..#.##
#@#.(......)......
#.#.......##.#####
###.#.......# #
#...........# #
.#.#.......##.
##########
..#.#..........#
##.......# ##
#.#.>.....####
##.#####)#
#....#.#### ...#
#.# ####...#


You could see 2 gnolls.


Message History

The gnoll is moderately wounded.
The gnoll misses you. The gnoll closely misses you.
You hit the gnoll but do no damage.
The gnoll is moderately wounded.
The gnoll hits you. The gnoll hits you with a flail. The gnoll hits you!
* * * LOW HITPOINT WARNING * * *
You are too injured to fight recklessly!
You are too injured to fight recklessly!
Unknown command.
Unknown command.
You see here 14 gold pieces.
Use which ability? (? or * to list)
A red film seems to cover your vision as you go berserk!
You feel yourself moving faster!
You feel mighty!
You are feeling hungry.
The gnoll hits you with a flail!
* * * LOW HITPOINT WARNING * * *
Some of the chunks of flesh in your inventory have rotted away.
You completely miss the gnoll. The gnoll hits you with a flail.
* * * LOW HITPOINT WARNING * * *
The gnoll hits you!
* * * LOW HITPOINT WARNING * * *
Unknown command.
Unknown command.
You thump the gnoll!
You kill the gnoll!
Trog accepts your kill.
You can now call upon Trog for regeneration and protection from hostile enchantments.
The gnoll barely misses you. The gnoll hits you.
You die...

Skill      XL: |  1  2  3 |
---------------+----------+-----
Maces & Flails | 3 |  3.5
Fighting       | 5 |  5.2
Dodging        | |  2.6

Action                   || total
-------------------------++-------
Melee: Mace              ||    75
Invok: Berserk           ||     1
  Use: Scroll            ||     5
Armor: Animal skin       ||    25
Dodge: Dodged            ||    30
Block: Other             ||     4
       Reflection        ||     1

Vault maps used:
D:1:      minmay_arrival_split_and_join, minmay_statues_item
D:2:      first_bread

Notes
Turn   | Place    | Note
-------+----------+-------------------------------------------
     0 | D:1      | Jazqa the Ogre Berserker began the quest for the Orb.
     0 | D:1      | Reached XP level 1. HP: 24/24 MP: 1/1
   125 | D:1      | Reached XP level 2. HP: 31/33 MP: 2/2
   208 | D:1      | Reached skill level 3 in Maces & Flails
   524 | D:2      | Reached XP level 3. HP: 40/40 MP: 3/3
   754 | D:2      | Reached skill level 5 in Fighting
   900 | D:2      | HP: 5/63 [gnoll (7)]
   902 | D:2      | Reached ** piety under Trog
   903 | D:2      | Slain by a gnoll

Vanquished Creatures
  A gnoll (D:2)
  An ooze (D:1)
  3 dart slugs
  A leopard gecko (D:2)
  3 giant cockroaches
  5 goblins
  2 jackals (D:1)
  A quokka (D:2)
  A ball python (D:2)
  2 bats (D:2)
  2 frilled lizards
  5 kobolds
  5 rats
32 creatures vanquished.
